 Dungeon Crawl Stone Soup version 0.17.1-3-g152610e (webtiles) character file.

29512 juanjsm the Unseen (level 13, 0/65 HPs)
             Began as a Spriggan Enchanter on Mar 29, 2016.
             Was a High Priest of Ashenzari.
             Slain by an eight-headed hydra (6 damage)
             ... on level 6 of the Lair of Beasts.
             The game lasted 02:28:03 (14833 turns).

juanjsm the Unseen (Spriggan Enchanter)            Turns: 14833, Time: 02:28:03

Health: 0/65       AC:  7    Str:  4    XL:     13   Next: 15%
Magic:  20/28      EV: 25    Int: 20    God:    Ashenzari [*****.]
Gold:   1669       SH:  0    Dex: 18    Spells: 11 memorised, 2 levels left

rFire  . . .     SeeInvis +     N - +4 dagger (elec) (curse)
rCold  + . .     Clarity  +     S - +2 robe {MR+} (curse)
rNeg   . . .     SustAt   .     (shield restricted)
rPois  +         Gourm    .     (helmet restricted)
rElec  .         Spirit   .     w - +2 cloak (curse)
rCorr  .         Warding  .     (gloves unavailable)
rMut   .         Stasis   +     (boots unavailable)
MR     ++++.                    g - amulet "Utikaoxy" {Stasis rC+ MR+ Int-2 Dex+2}
Stlth  +++++++++.               F - ring of invisibility (curse)
                                k - ring of poison resistance (curse)

@: very quick, incredibly resistant to hostile enchantments, incredibly stealthy
A: unfitting armour, see invisible, herbivore 3, speed 3, slow metabolism 2
a: Scrying, Transfer Knowledge, Renounce Religion, Evoke Invisibility


You were on level 6 of the Lair of Beasts.
You worshipped Ashenzari.
Ashenzari was extremely pleased with you.
You were not hungry.

You visited 3 branches of the dungeon, and saw 17 of its levels.
You also visited: Labyrinth and Bailey.

You collected 1669 gold pieces.

Inventory:

Hand Weapons
 N - a cursed +4 dagger of electrocution (weapon)
Armour
 w - a cursed +2 cloak (worn)
 S - a cursed +2 robe of magic resistance (worn)
Jewellery
 g - the amulet "Utikaoxy" (around neck) {Stasis rC+ MR+ Int-2 Dex+2}
   (You took it off a minotaur in a labyrinth)

   [amulet of stasis]

   It prevents you from being teleported, slowed, hasted or paralysed.
   It affects your intelligence (-2).
   It affects your dexterity (+2).
   It protects you from cold.
   It affects your resistance to hostile enchantments.
 k - a cursed ring of poison resistance (left hand)
 n - an uncursed amulet of resist corrosion
 F - a cursed ring of invisibility (right hand)
 I - an uncursed ring of protection from fire
Wands
 f - a wand of heal wounds (9)
 y - a wand of flame (9)
 z - a wand of frost (46)
 B - a wand of slowing (27)
 G - a wand of fireball (15)
 H - a wand of random effects (23)
 K - a wand of digging (7)
 L - a wand of draining (10)
 Q - a wand of confusion (20)
 R - a wand of digging (12)
 U - a wand of teleportation (4)
Scrolls
 b - a scroll of curse armour
 i - 4 scrolls of enchant weapon
 l - 3 scrolls of teleportation
 m - 4 scrolls of identify
 o - 3 scrolls of fog
 s - 2 scrolls of curse weapon
 C - 3 scrolls of amnesia
 D - 2 scrolls of immolation
 P - 2 scrolls of magic mapping
 V - a scroll of blinking
 X - 2 scrolls of summoning
 Y - a scroll of fear
Potions
 a - 2 potions of flight
 c - a potion of lignification
 e - 2 potions of cancellation
 j - 3 potions of invisibility
 p - 7 potions of curing
 q - 4 potions of haste
 r - a potion of might
 t - 3 potions of brilliance
 u - a potion of mutation
 v - 5 potions of agility
 O - a potion of ambrosia
 T - a potion of heal wounds
Books
 x - a Young Poisoner's Handbook

   Spells                             Type                      Level
   a - Sting                          Conjuration/Poison           1
   b - Cure Poison                    Poison                       2
   c - Mephitic Cloud                 Conjuration/Poison/Air       3
   d - Olgreb's Toxic Radiance        Poison                       4
   e - Venom Bolt                     Conjuration/Poison           5
 M - the Collected Works on Venom
   (You found it in a labyrinth)

   Spells                             Type                      Level
   a - Cure Poison                    Poison                       2
   b - Mephitic Cloud                 Conjuration/Poison/Air       3
   c - Spider Form                    Transmutation/Poison         3
   d - Olgreb's Toxic Radiance        Poison                       4
   e - Poisonous Cloud                Conjuration/Poison/Air       6
 Z - a book of Conjurations

   Spells                             Type                      Level
   a - Magic Dart                     Conjuration                  1
   b - Searing Ray                    Conjuration                  2
   c - Dazzling Spray                 Conjuration/Hexes            3
   d - Fulminant Prism                Conjuration/Hexes            4
   e - Iskenderun's Mystic Blast      Conjuration                  4
   f - Iskenderun's Battlesphere      Conjuration/Charms           5
Miscellaneous
 h - an ornate deck of summoning {the Crusade}
 A - a plain deck of summoning {Water}
 E - a plain deck of summoning {the Illusion}
 W - a sack of spiders
Comestibles
 d - 11 bread rations
 J - 4 fruits


   Skills:
 * Level 5.7 Fighting
 * Level 7.7(11.7) Short Blades
 * Level 11.4(13.8) Dodging
 * Level 18.2(20.2) Stealth
 * Level 10.7 Spellcasting
 + Level 1.0(2.5) Conjurations
 * Level 10.2(12.7) Hexes
 + Level 3.3(5.7) Ice Magic
 * Level 3.0(5.3) Poison Magic
 + Level 6.9(9.7) Evocations


You had 2 spell levels left.
You knew the following spells:

 Your Spells              Type           Power        Failure   Level  Hunger
a - Corona                Hex            ######.      1%          1    None
b - Ensorcelled Hibernat  Hex/Ice        #####.       1%          2    None
c - Confuse               Hex            ######..     1%          3    None
d - Dazzling Spray        Conj/Hex       #####...     1%          3    None
e - Mephitic Cloud        Conj/Pois/Air  ###.....     10%         3    None
f - Cure Poison           Pois           ####......   1%          2    None
g - Apportation           Tloc           ##........   6%          1    None
h - Summon Small Mammal   Summ           ##..         6%          1    None
i - Fulminant Prism       Conj/Hex       #####.....   3%          4    ##.....
j - Invisibility          Hex            ######..     8%          6    ######.
k - Venom Bolt            Conj/Pois      ####......   38%         5    ####...


Dungeon Overview and Level Annotations

Branches:
Dungeon (10/15)            Temple (1/1) D:7            Lair (6/8) D:10
 Spider (0/4) Lair:5
  Swamp: Lair:3-6    Shoals: Lair:3-6     Slime: Lair:6-8       Orc: D:9-12

Altars:
Ashenzari
Cheibriados
Dithmenos
Elyvilon
Fedhas
Gozag
Kikubaaqudgha
Makhleb
Nemelex Xobeh
Okawaru
Qazlal
Ru
Sif Muna
Trog
Vehumet
Xom
Yredelemnul
Zin
The Shining One

Shops:
D:8 (

Annotations:
D:7 attackplan's ghost, amateur HOFi
D:9 kaze's ghost, novice DsFi


Innate Abilities, Weirdness & Mutations

You are tiny and cannot use many weapons and most armour.
You have supernaturally acute eyesight.
You are a herbivore.
You cover ground extremely quickly.
You need consume almost no food.


Message History

The eight-headed hydra is moderately wounded.
The elephant trumpets!
You hear an angry hiss.
You hear a bellow!
The eight-headed hydra misses you.
The eight-headed hydra closely misses you.
The eight-headed hydra misses you. The eight-headed hydra bites you!
* * * LOW HITPOINT WARNING * * *
The eight-headed hydra barely misses you.
The eight-headed hydra completely misses you. x3
A black mamba comes into view.
There is a stone staircase leading up here.
The black mamba closely misses you.
The black mamba moves out of view.
The eight-headed hydra bites you!
* * * LOW HITPOINT WARNING * * *
The eight-headed hydra completely misses you.
The eight-headed hydra misses you.
The eight-headed hydra closely misses you.
The eight-headed hydra completely misses you.
The eight-headed hydra closely misses you.
The eight-headed hydra bites you.
You die...

≈....,, ,, * ,, , ,, ,,
≈≈..., , ...,,,......
,,,, ≈≈≈.., ##..,,
......., , , , ≈≈≈.. ,
##... * ....#.# ,, ,
≈≈..., . #....# ...#.#
*
≈....,,..##....##.....#
,,,** .....
.......#.#....#.. ,
>....
,l.l.....D........,
..##., , #....S@.......
,** * ..#* ,
#......#...#.. ,* ...#
, #...###Y.[## ,,, ...#
*, #... * #.Y.. , , ,
....* ,, ##..**, .(...*
,, ,,, #.. * ,(.##. , *
,, ##. ****..#* , , * *
*.# * ,.#* * * , ** *,,
,, , , , *


You could see an eight-headed hydra, an elephant, a black mamba and an iguana.

Vanquished Creatures
  Rupert (Lair:5)
  Harold (Lair:2)
  A minotaur (Lab)
  3 hydras
  Erica (Lair:1)
  The ghost of juanjsm the Unseen, a journeyman SpEn of Ashenzari (Lair:4)
  An unseen horror (D:10)
  A griffon (Lair:3)
  A hill giant (D:10)
  2 black mambas (Lair:2)
  8 spiny frogs
  A demonic crawler (Lair:5)
  4 komodo dragons
  A fire drake (Lair:4)
  2 trolls
  14 blink frogs
  Sigmund (D:2)
  A wraith (D:10)
  22 yaks
  A hungry ghost (D:8)
  2 hippogriffs
  12 wolves
  A steam dragon (Lair:2)
  A wyvern (D:10)
  2 sky beasts
  10 water moccasins
  4 orc warriors
  8 porcupines
  An ice beast (D:7)
  A necrophage (D:8)
  3 black bears
  5 ogres
  4 centaurs
  9 crocodiles
  3 big kobolds
  8 gnoll sergeants (Bailey)
  A wyvern zombie (D:8)
  5 scorpions
  10 giant frogs
  A water moccasin skeleton (D:8)
  A wyvern skeleton (D:8)
  7 electric eels
  A giant frog zombie (D:10)
  A wasp zombie (D:10)
  3 crimson imps
  A jelly (D:8)
  6 orc priests
  4 giant frog skeletons
  2 centaur skeletons
  6 gnoll shamans (Bailey)
  9 orc wizards
  Jessica (D:2)
  7 iguanas
  9 worker ants
  12 hounds
  A killer bee zombie (D:7)
  5 sheep (Lair:1)
  A hound skeleton (D:10)
  2 hound zombies (D:8)
  18 gnolls
  7 adders
  20 river rats
  An adder skeleton (D:4)
  5 worms
  4 giant geckos
  26 orcs
  5 bats
  7 giant cockroaches
  8 goblins
  5 hobgoblins
  13 jackals
  4 quokkas
  4 ball pythons
  A giant gecko skeleton (D:5)
  4 giant newts
  21 kobolds
  A quokka skeleton (D:8)
  8 rats
400 creatures vanquished.

Vanquished Creatures (others)
  A jackal (D:10)
  A fungus (Lair:1)
2 creatures vanquished.

Grand Total: 402 creatures vanquished

Notes
Turn   | Place    | Note
--------------------------------------------------------------
     0 | D:1      | juanjsm the Spriggan Enchanter began the quest for the Orb.
     0 | D:1      | Reached XP level 1. HP: 9/9 MP: 5/5
   160 | D:1      | Reached XP level 2. HP: 13/13 MP: 6/6
   164 | D:1      | Learned a level 2 spell: Ensorcelled Hibernation
   514 | D:1      | Reached skill level 5 in Stealth
   736 | D:2      | Reached XP level 3. HP: 14/16 MP: 0/8
   890 | D:2      | Learned a level 3 spell: Confuse
  1357 | D:2      | Reached XP level 4. HP: 16/21 MP: 5/9
  1433 | D:2      | Learned a level 3 spell: Dazzling Spray
  1527 | D:2      | Found an iron altar of Okawaru.
  1576 | D:2      | Noticed Jessica
  1594 | D:2      | Killed Jessica
  1594 | D:2      | Reached skill level 6 in Stealth
  1809 | D:2      | Found a deep blue altar of Sif Muna.
  1809 | D:2      | Found a shattered altar of Ashenzari.
  1810 | D:2      | Found a snail-covered altar of Cheibriados.
  1866 | D:2      | Noticed Sigmund
  1877 | D:2      | Killed Sigmund
  1877 | D:2      | Reached skill level 1 in Fighting
  1877 | D:2      | Reached XP level 5. HP: 12/25 MP: 6/11
  1877 | D:2      | Reached XP level 6. HP: 14/30 MP: 6/12
  2098 | D:3      | Found an ancient bone altar of Kikubaaqudgha.
  2100 | D:3      | Found a blossoming altar of Fedhas.
  2363 | D:3      | Reached skill level 7 in Stealth
  2440 | D:2      | Became a worshipper of Ashenzari the Shackled
  2464 | D:2      | Gained mutation: You can breathe flames. [potion of mutation]
  2464 | D:2      | Gained mutation: You have a pair of small antennae on your head. [potion of mutation]
  2962 | D:4      | Reached skill level 5 in Dodging
  3331 | D:5      | Entered Level 5 of the Dungeon
  3366 | D:5      | Found a white marble altar of Elyvilon.
  3659 | D:5      | Reached skill level 5 in Hexes
  3659 | D:5      | Reached XP level 7. HP: 33/33 MP: 14/14
  3708 | D:5      | Found an opulent altar of Gozag.
  3744 | D:5      | Reached skill level 1 in Ice Magic
  4003 | D:5      | Reached skill level 5 in Spellcasting
  4016 | D:5      | Reached skill level 8 in Stealth
  4345 | D:6      | Reached * piety under Ashenzari
  4346 | D:6      | Reached XP level 8. HP: 39/39 MP: 16/16
  5193 | D:7      | Reached skill level 9 in Stealth
  5287 | D:7      | Found a staircase to the Ecumenical Temple.
  5307 | Temple   | Entered the Ecumenical Temple
  5340 | D:7      | Found a shimmering altar of Xom.
  5342 | D:7      | Found a shimmering altar of Xom.
  5342 | D:7      | Found a shimmering altar of Xom.
  5483 | D:7      | Reached skill level 10 in Stealth
  5491 | D:7      | Reached XP level 9. HP: 43/43 MP: 8/19
  5530 | D:7      | Noticed attackplan's ghost (amateur HOFi)
  5908 | D:8      | Reached skill level 5 in Short Blades
  5932 | D:8      | Found a radiant altar of Vehumet.
  6041 | D:8      | Reached ** piety under Ashenzari
  6162 | D:8      | Found Kuepnih's Weapon Shop.
  6196 | D:8      | Reached skill level 11 in Stealth
  6220 | D:8      | Found a sparkling altar of Nemelex Xobeh.
  7143 | D:9      | Reached skill level 1 in Evocations
  7346 | D:9      | Reached skill level 12 in Stealth
  7683 | D:10     | Entered Level 10 of the Dungeon
  7707 | D:9      | Noticed kaze's ghost (novice DsFi)
  7751 | D:10     | Noticed an unseen horror
  7755 | D:10     | Killed an unseen horror
  7755 | D:10     | Reached XP level 10. HP: 47/49 MP: 21/21
  7996 | D:10     | Found a flagged portal.
  8014 | D:10     | Reached skill level 13 in Stealth
  8022 | Bailey   | Entered a bailey
  8882 | D:10     | Noticed a hill giant
  8887 | D:10     | Killed a hill giant
  8887 | D:10     | Reached skill level 14 in Stealth
  9091 | D:10     | Identified the +5 halberd of Xuniex Rull {chop, rElec Str+6} (You took it off an orc on level 10 of the Dungeon)
  9275 | D:10     | Found a staircase to the Lair.
  9451 | Lair:1   | Entered Level 1 of the Lair of Beasts
  9454 | Lair:1   | Found a labyrinth entrance.
  9463 | Lab      | Entered a labyrinth
  9528 | Lab      | Noticed a minotaur
  9583 | Lab      | Killed a minotaur
  9583 | Lab      | Identified the amulet "Utikaoxy" {Stasis rC+ MR+ Int-2 Dex+2} (You took it off a minotaur in a labyrinth)
  9583 | Lab      | Identified the +5 war axe "Mybbaemm" {drain, *Rage rElec Str+5} (You took it off a minotaur in a labyrinth)
  9583 | Lab      | Reached XP level 11. HP: 34/53 MP: 22/24
  9592 | Lab      | Identified a +5 rod of ignition (14/14)
  9592 | Lab      | Identified the Collected Works on Venom
  9615 | Lair:1   | Learned a level 3 spell: Mephitic Cloud
  9618 | Lair:1   | Learned a level 2 spell: Cure Poison
  9627 | Lair:1   | Noticed Erica
  9646 | Lair:1   | Killed Erica
  9870 | Lair:1   | Reached skill level 15 in Stealth
 10091 | Lair:1   | Reached skill level 10 in Dodging
 10196 | Lair:1   | Reached *** piety under Ashenzari
 11029 | Lair:2   | Noticed Harold
 11036 | Lair:2   | Killed Harold
 11036 | Lair:2   | Reached skill level 5 in Evocations
 11103 | Lair:2   | Learned a level 1 spell: Apportation
 11105 | Lair:2   | Learned a level 1 spell: Summon Small Mammal
 11328 | Lair:2   | Reached skill level 16 in Stealth
 11552 | Lair:2   | Reached XP level 12. HP: 54/59 MP: 18/26
 11968 | Lair:3   | Reached skill level 5 in Fighting
 12100 | Lair:3   | Reached **** piety under Ashenzari
 12207 | Lair:3   | Learned a level 4 spell: Fulminant Prism
 12256 | Lair:3   | Identified the +3 blowgun "Lucaupni" {evade, rElec Stlth+}
 12673 | Lair:4   | Reached skill level 1 in Poison Magic
 12684 | Lair:4   | Noticed juanjsm's ghost (journeyman SpEn)
 12718 | Lair:4   | Killed juanjsm's ghost
 12750 | Lair:4   | Lost mutation: You can breathe flames. [potion of cure mutation]
 12750 | Lair:4   | Lost mutation: You have a pair of small antennae on your head. [potion of cure mutation]
 12821 | Lair:4   | Learned a level 6 spell: Invisibility
 12840 | Lair:4   | Reached skill level 10 in Spellcasting
 13214 | Lair:4   | Noticed an eight-headed hydra
 13215 | Lair:4   | Noticed a four-headed hydra
 13217 | Lair:4   | Killed a four-headed hydra
 13217 | Lair:4   | Reached skill level 17 in Stealth
 13218 | Lair:4   | Killed an eight-headed hydra
 13792 | Lair:5   | Reached ***** piety under Ashenzari
 13889 | Lair:5   | Reached skill level 10 in Hexes
 14151 | Lair:5   | Noticed Rupert
 14186 | Lair:5   | Killed Rupert
 14186 | Lair:5   | Reached skill level 18 in Stealth
 14186 | Lair:5   | Reached XP level 13. HP: 64/64 MP: 5/28
 14271 | Lair:5   | Learned a level 5 spell: Venom Bolt
 14282 | Lair:5   | Found a hole to the Spider Nest.
 14306 | Lair:5   | Reached skill level 1 in Conjurations
 14833 | Lair:6   | Slain by an eight-headed hydra

Action                   |  1- 3 |  4- 6 |  7- 9 | 10-12 | 13-15 || total
-------------------------+-------+-------+-------+-------+-------++-------
Melee: Dagger            |    52 |   151 |   220 |   378 |    20 ||   821
 Cast: Corona            |     1 |     4 |     3 |     3 |       ||    11
       Ensorcelled Hiber |    19 |    34 |    74 |   110 |    11 ||   248
       Confuse           |       |     5 |    23 |    34 |     2 ||    64
       Dazzling Spray    |       |     9 |    11 |    35 |     1 ||    56
       Mephitic Cloud    |       |       |       |     1 |       ||     1
       Cure Poison       |       |       |       |     1 |       ||     1
Invok: Scrying           |       |       |       |     2 |       ||     2
 Abil: Evoke Invisibilit |       |       |       |     6 |       ||     6
       Breathe Fire      |       |       |       |     1 |       ||     1
Evoke: Wand              |       |     2 |       |       |     5 ||     7
  Use: Scroll            |       |    13 |    11 |    20 |       ||    44
       Potion            |       |    12 |     3 |     5 |       ||    20
 Stab: Sleeping          |    27 |    29 |    78 |   121 |    12 ||   267
       Confused          |       |     4 |    12 |    23 |     2 ||    41
       Invisible         |       |     2 |     2 |    20 |       ||    24
       Distracted        |       |       |     1 |     2 |       ||     3
  Eat: Bread ration      |       |     1 |       |       |       ||     1
       Pizza             |       |       |     3 |     3 |       ||     6
       Royal jelly       |       |       |       |     1 |       ||     1
       Fruit             |       |       |       |     1 |     1 ||     2
